 Dungeon Crawl Stone Soup version 0.23-a0-767-gdc19b93d68 (webtiles) character file.

1089 WhatIsLove the Skirmisher (level 8, 1/64 HPs)
             Began as a Mummy Fighter on Jan 18, 2019.
             Was a Follower of Kikubaaqudgha.
             Quit the game on level 6 of the Dungeon on Jan 19, 2019.
             The game lasted 00:08:19 (6187 turns).

WhatIsLove the Skirmisher (Mummy Fighter)           Turns: 6187, Time: 00:08:19

Health: 1/64       AC:  8    Str: 19    XL:     8   Next: 9%
Magic:  8/8        EV:  8    Int:  9    God:    Kikubaaqudgha [*.....]
Gold:   289        SH:  9    Dex: 12    Spells: 7/7 levels left

rFire    . . .     SeeInvis .   b - +4 dagger (venom)
rCold    + . .     Gourm    .   c - +0 shield
rNeg     + + +     Faith    .   i - +0 scale mail
rPois    ∞         Spirit   .   (no helmet)
rElec    .         Reflect  .   g - +0 cloak
rCorr    .         Harm     .   (no gloves)
MR       +....                  (no boots)
Stlth    ..........             (no amulet)
HPRegen  0.20/turn              l - ring of protection from fire
MPRegen  0.11/turn              (no ring)

@: slowed, very slow
A: no food or potions, fire vulnerability, cold resistance 1, negative energy
resistance 3, torment resistance, unbreathing
a: Receive Corpses, Renounce Religion


You were on level 6 of the Dungeon.
You worshipped Kikubaaqudgha.
Kikubaaqudgha was aware of your devotion.
You were not hungry.

You visited 1 branch of the dungeon, and saw 6 of its levels.

You collected 289 gold pieces.

Inventory:

Hand Weapons
 a - a +0 long sword
 b - a +4 dagger of venom (weapon)
 j - a +2 dagger of draining
Armour
 c - a +0 shield (worn)
 g - a +0 cloak (worn)
 i - a +0 scale mail (worn)
Jewellery
 l - a ring of protection from fire (left hand)
Scrolls
 d - 2 scrolls of fog
 e - a scroll of enchant armour
 f - 3 scrolls of teleportation
 h - a scroll of identify
 k - a scroll of amnesia
 m - 5 scrolls of remove curse
 n - a scroll of magic mapping {unknown}
 o - a scroll of noise {unknown}


   Skills:
 * Level 5.7 Fighting
 + Level 3.1(3.6) Short Blades
 + Level 2.4(3.2) Long Blades
 + Level 4.4 Armour
 + Level 1.8 Dodging
 + Level 4.2 Shields


You had 7 spell levels left.
You didn't know any spells.
Your spell library contained the following spells:

 Spells                   Type           Power        Failure   Level  Hunger
 Animate Skeleton         Necr           N/A          99%         1    N/A
 Pain                     Necr           #...         99%         1    N/A
 Summon Small Mammal      Summ           #...         99%         1    N/A
 Call Imp                 Summ           #.......     100%        2    N/A
 Corpse Rot               Necr           N/A          100%        2    N/A
 Call Canine Familiar     Summ           #.......     100%        3    N/A
 Summon Guardian Golem    Hex/Summ       #.......     100%        3    N/A
 Vampiric Draining        Necr           #.........   100%        3    N/A
 Summon Ice Beast         Ice/Summ       #.......     100%        4    N/A
 Summon Lightning Spire   Summ/Air       #.......     100%        4    N/A

Dungeon Overview and Level Annotations

Branches:
Dungeon (6/15)             Temple (0/1) D:4

Altars:
Kikubaaqudgha
Nemelex Xobeh
Okawaru
Sif Muna


Innate Abilities, Weirdness & Mutations

You do not eat or drink.
Your flesh is vulnerable to fire.
You are immune to poison.
Your flesh is cold resistant. (rC+)
You are immune to negative energy. (rN+++)
You are immune to unholy pain and torment.
You can survive without breathing.


Message History

* * * LOW HITPOINT WARNING * * *
The orc priest begins to cast a cantrip, but forgets the words!
The wight hits you with a +5 halberd!
* * * LOW HITPOINT WARNING * * *
Unknown command.
You hit the wight but do no damage.
The wight is lightly damaged.
The orc priest barely misses you. The wight hits you but does no damage.
You hit the wight but do no damage.
The wight is lightly damaged.
The orc priest looks more healthy.
The orc priest invokes the aid of Beogh against you.
Beogh smites you!
* * * LOW HITPOINT WARNING * * *
The wight closely misses you.
The orc priest hits you from afar with a +0 trident.
* * * LOW HITPOINT WARNING * * *
Unknown command.
Okay, then.
Are you sure you want to abandon this character and quit the game? (Confirm with "yes".)

.....#......'.........#......#
.....#......#.........#......#
.....#......#.........#.<....#
######.....##.........########
..####.....########.....
..................#....
..................'...
..........>.......#
................M.#
#.####....#######z# #.# ######
#..ooo# #!. +.........z...#
+.. #.............#
#.............#
###############


You could see a wight and an orc priest.

Vanquished Creatures
  A phantom (D:5)
  3 ogres
  A bullfrog (D:6)
  A wight (D:6)
  A howler monkey (D:6)
  3 hounds
  A jelly (D:6)
  An orc priest (D:6)
  2 bullfrog skeletons
  4 worker ants
  3 orc wizards
  A hound skeleton (D:5)
  Robin (D:1)
  3 adders
  A shadow imp (D:6)
  2 oozes (D:5)
  An adder skeleton (D:5)
  3 worms
  2 dart slugs (D:1)
  3 leopard geckos
  22 orcs
  5 ball pythons
  10 giant cockroaches
  16 goblins
  10 hobgoblins
  6 jackals
  A quokka (D:5)
  3 bats
  3 frilled lizards
  A jackal skeleton (D:4)
  7 kobolds
  5 rats
127 creatures vanquished.

Notes
Turn   | Place    | Note
-------+----------+-------------------------------------------
     0 | D:1      | WhatIsLove the Mummy Fighter began the quest for the Orb.
     0 | D:1      | Reached XP level 1. HP: 18/18 MP: 1/1
   238 | D:1      | Reached XP level 2. HP: 12/24 MP: 2/2
  1163 | D:2      | Found a faded altar of an unknown god.
  1166 | D:2      | Reached XP level 3. HP: 29/29 MP: 3/3
  1884 | D:2      | Reached XP level 4. HP: 24/36 MP: 4/4
  1908 | D:2      | Noticed Robin
  2174 | D:1      | Killed Robin
  2456 | D:2      | Found an iron altar of Okawaru.
  2456 | D:2      | Found a sparkling altar of Nemelex Xobeh.
  2789 | D:3      | Reached skill level 1 in Dodging
  2789 | D:3      | Reached XP level 5. HP: 18/42 MP: 5/5
  2794 | D:3      | Reached skill level 4 in Fighting
  3288 | D:4      | Found an ancient bone altar of Kikubaaqudgha.
  3298 | D:4      | Became a worshipper of Kikubaaqudgha
  3299 | D:4      | Upgraded the game from 0.23-a0-741-g38971ea054 to
                  | 0.23-a0-767-gdc19b93d68
  3351 | D:4      | Noticed an ogre
  3352 | D:4      | Found a staircase to the Ecumenical Temple.
  3372 | D:4      | Killed an ogre
  3372 | D:4      | Reached skill level 1 in Short Blades
  3372 | D:4      | Reached XP level 6. HP: 31/49 MP: 6/6
  4127 | D:5      | Entered Level 5 of the Dungeon
  4523 | D:5      | Reached XP level 7. HP: 55/55 MP: 7/7
  4608 | D:5      | Reached skill level 5 in Fighting
  5595 | D:6      | Reached * piety under Kikubaaqudgha
  5595 | D:6      | Identified Kikubaaqudgha's Collected Works on Black Rituals
                  | (Kikubaaqudgha gifted it to you on level 6 of the Dungeon)
  5595 | D:6      | Received a gift from Kikubaaqudgha
  5611 | D:6      | Found a deep blue altar of Sif Muna.
  5885 | D:6      | Reached XP level 8. HP: 59/63 MP: 8/8
  6186 | D:6      | HP: 1/64 [orc priest/+0 trident (3)]
  6187 | D:6      | Quit the game

Vault maps used:
D:1:      lightli_arrival_flooded_house
D:2:      gammafunk_temple_overflow_elements, chequers_ecumenical_altar_island,
          minmay_tromino_v2, uniq_robin
D:4:      mumra_celtic_spiral_tile, overflow_temple_1_default,
          minmay_temple_entry_from_below_a, first_ration
D:6:      kennysheep_little_box

Skill      XL: |  1  2  3  4  5  6  7 |
---------------+----------------------+-----
Long Blades    | 2 |  2.4
Armour         | 3 4 |  4.4
Dodging        | 1 |  1.8
Fighting       | 4 5 |  5.7
Shields        | 3 4 |  4.2
Short Blades   | 1 2 3 |  3.1

Action                   |  1- 3 |  4- 6 |  7- 9 || total
-------------------------+-------+-------+-------++-------
Melee: Long sword        |   176 |    32 |       ||   208
       Dagger            |       |   159 |   118 ||   277
  Use: Scroll            |       |       |     5 ||     5
Armor: Scale mail        |    79 |    68 |    32 ||   179
Dodge: Dodged            |    60 |    42 |    46 ||   148
Block: Shield            |   106 |    91 |    58 ||   255
       Rpst.: Long sword |    16 |     5 |       ||    21

Table legend:
 A = Non-vault XP
 B = Vault XP
 C = Vault XP percentage of total XP
 D = Non-vault monster count
 E = Vault monster count
 F = Vault count percentage of total count
                 A         B        C        D         E       F
            +---------+---------+-------+---------+---------+-------
      Total |    1517 |      39 |   2.5 |     113 |      14 |  11.0
            +---------+---------+-------+---------+---------+-------
        D:1 |      56 |      27 |  32.5 |      22 |       7 |  24.1
        D:2 |      51 |      12 |  19.0 |      20 |       7 |  25.9
        D:3 |      77 |       0 |   0.0 |      20 |       0 |   0.0
        D:4 |     159 |       0 |   0.0 |       6 |       0 |   0.0
        D:5 |     434 |       0 |   0.0 |      22 |       0 |   0.0
        D:6 |     740 |       0 |   0.0 |      23 |       0 |   0.0
            +---------+---------+-------+---------+---------+-------
